 Dungeon Crawl Stone Soup version 0.31.0-9-g3a7656b989 (webtiles) character file.

Game seed: 162805743350887821

147 MacCMillion the Digger (level 5, -1/28 HPs)
             Began as a Gargoyle Earth Elementalist on Jan 26, 2024.
             Slain by Robin
             ... wielding a +2 mace of protection
              (5 damage)
             ... on level 3 of the Dungeon.
             The game lasted 00:04:36 (3269 turns).

MacCMillion the Digger (GrEE)                       Turns: 3269, Time: 00:04:36

Health: -1/28      AC:  6    Str: 12    XL:     5   Next: 29%
Magic:  1/8        EV: 12    Int: 17    God:
Gold:   125        SH:  0    Dex: 10    Spells: 7/8 levels left

rFire   . . .        m - +0 dagger
rCold   . . .        (no shield)
rNeg    + . .        a - +0 robe
rPois   ∞            (no helmet)
rElec   +            (no cloak)
rCorr   .            (no gloves)
SInv    .            (no boots)
Will    .....        (no amulet)
Stlth   ++           (no ring)
HPRegen 0.24/turn    (no ring)
MPRegen 0.11/turn

%: no passive effects
@: no status effects
A: sickness immunity, AC +4, negative energy resistance 1, electricity
resistance, torment resistance 1, petrification resistance
a: no special abilities


You were on level 3 of the Dungeon.
You visited 1 branch of the dungeon, and saw 3 of its levels.

You collected 125 gold pieces.

Inventory:

Hand Weapons
 m - a +0 dagger (weapon)
Armour
 a - a +0 robe (worn)
Magical Staves
 o - a staff of fire
Jewellery
 n - a +6 ring of intelligence
Scrolls
 c - a scroll of poison {unknown}
 f - a scroll of torment {unknown}
 g - a scroll of teleportation {unknown}
 h - 2 scrolls of identify {unknown}
Potions
 b - a potion of magic
 d - 2 potions of cancellation {unknown}
 e - 2 potions of might {unknown}
 i - 2 potions of heal wounds {unknown}
 j - 4 potions of enlightenment {unknown}
 k - 5 potions of curing {unknown}
 l - a potion of invisibility {unknown}


   Skills:
 - Level 1.6 Dodging
 + Level 2.4 Stealth
 + Level 2.3 Spellcasting
 + Level 3.3 Conjurations
 * Level 5.5 Earth Magic


You had 7 spell levels left.
You knew the following spells:

 Your Spells              Type           Power      Damage    Failure   Level
a - Sandblast             Erth           40%        2d10      1%          1

Your spell library contained the following spells:

 Spells                   Type           Power      Damage    Failure   Level
 Passwall                 Erth           20%        N/A       6%          3
 Stone Arrow              Conj/Erth      34%        3d9       9%          3
 Brom's Barrelling Bould  Conj/Erth      17%        2d4       30%         4
 Petrify                  Alch/Erth      11%        N/A       52%         4
 Summon Forest            Summ/Tloc      0%         N/A       99%         5
 Summon Mana Viper        Hex/Summ       1%         N/A       99%         5
 Summon Cactus Giant      Summ           0%         N/A       100%        6


Dungeon Overview and Level Annotations

Branches:
Dungeon (3/15)

Altars:

Annotations:
D:2 1 runed translucent door, Crazy Yiuf
D:3 Robin


Innate Abilities, Weirdness & Mutations

You are immune to sickness and miasma.
Your stone body is resilient. (AC +4)
You are immune to poison.
You resist negative energy. (rN+)
You are resistant to electric shocks. (rElec)
You are resistant to unholy torment.
You are immune to petrification.


Message History

Robin is severely wounded.
Robin barely misses you.
You barely miss Robin.
Robin is severely wounded.
Robin misses you.
You barely miss Robin.
Robin is severely wounded.
Robin roars a battlecry!
The hobgoblin goes into a battle-frenzy!
The hobgoblin shouts!
You are too injured to fight recklessly!
Aiming: Sandblast (safe; 1% risk of failure)
Press: ? - help, Q - select action Shift-Dir - straight line, f/p - Robin
Aim: Robin, wielding a +2 mace of protection, wearing a +0 animal skin and wearing a +0 helmet (severely wounded, 87% to hit)
The blast of sand hits Robin but does no damage.
Robin is severely wounded.
Robin hits you with a +2 mace of protection.
* * * LOW HITPOINT WARNING * * *
Robin hits you with a +2 mace of protection.
* * * LOW HITPOINT WARNING * * *
Robin attacks as they pursue you! Robin closely misses you.
You hit Robin but do no damage.
Robin is severely wounded.
You hit Robin but do no damage.
Robin is severely wounded.
Robin hits you with a +2 mace of protection.
* * * LOW HITPOINT WARNING * * *
You hit Robin but do no damage.
Robin is severely wounded.
Robin barely misses you.
A goblin comes into view. It is wielding a +0 club.
You closely miss Robin.
Robin is severely wounded.
Robin hits you but does no damage.
The goblin shouts!
You hit Robin but do no damage.
Robin is severely wounded.
Robin hits you with a +2 mace of protection.
You die...
Robin says, "And that's why I'm the boss."

######### #.#
##.......######)#
#.............#)#
#..[.....####.#.#
#........<# #>#.#
#........####.#.#
#...)....'....#.##########
#......÷.######...........
#........@gg...g......###.
############.############.
#.# #.....#.... #.#
#..#..#..## #.# #.†#..#..#
#.# #).#..#..#
#.###.##.##.##
#.##..#..#..#
#.##..#..#.)#


You could see Robin, a hobgoblin (strong) and a goblin.

Vanquished Creatures
  A bombardier beetle (D:3)
  Natasha (D:2)
  An adder (D:2)
  6 dart slugs
  6 endoplasms
  4 giant cockroaches
  14 goblins
  3 hobgoblins
  8 jackals
  5 kobolds
  2 quokkas
  5 ball pythons
  3 bats
  A frilled lizard (D:1)
  3 rats
63 creatures vanquished.

Notes
Turn   | Place    | Note
-------+----------+-------------------------------------------
     0 | D:1      | MacCMillion the Gargoyle Earth Elementalist began the quest
                  | for the Orb.
     0 | D:1      | Reached XP level 1. HP: 10/10 MP: 3/3
   119 | D:1      | Reached XP level 2. HP: 2/15 MP: 0/5
   512 | D:1      | Reached skill level 4 in Earth Magic
   866 | D:1      | Reached XP level 3. HP: 19/19 MP: 3/6
  1981 | D:2      | Noticed Natasha
  1985 | D:2      | Killed Natasha
  1986 | D:2      | Reached skill level 5 in Earth Magic
  1986 | D:2      | Reached XP level 4. HP: 14/24 MP: 4/7
  2319 | D:2      | Found a runed translucent door.
  2320 | D:2      | Noticed Crazy Yiuf
  2522 | D:3      | Reached XP level 5. HP: 21/28 MP: 3/8
  2576 | D:3      | Found a faded altar of an unknown god.
  3114 | D:3      | Noticed Robin
  3269 | D:3      | Slain by Robin

Illustrated notes

Levels and vault maps discovered:
D:1:      amcnicky_arrival_gap_in_the_tavern_cellar, layout_loops_corners
D:2:      layout_loops_cross, uniq_natasha, uniq_crazy_yiuf_cottage
D:3:      minmay_angry_zag, layout_basic, ebering_ecumenical_altar_rust,
          small_statue_intersection, uniq_robin

Skill      XL: |  1  2  3 |
---------------+----------+-----
Earth Magic    | 4 5 |  5.5
Conjurations   | 2 3 |  3.3
Dodging        | |  1.6
Stealth        | |  2.4
Spellcasting   | |  2.3

Action                     |  1- 3 |  4- 6 || total
---------------------------+-------+-------++-------
  Melee: Unarmed           |     3 |       ||     3
         Dagger            |       |    13 ||    13
   Cast: Sandblast         |    44 |    46 ||    90
 Armour: Robe              |    15 |    21 ||    36
  Dodge: Dodged            |    20 |    19 ||    39
